 Dungeon Crawl Stone Soup version 0.18.1-6-gd335043 (webtiles) character file.

238 Jerry the Twirler (level 5, 0/41 HPs)
             Began as a Demigod Gladiator on May 16, 2016.
             Killed by nerve-wracking pain
             ... invoked by an orc priest
              (3 damage)
             ... on level 4 of the Dungeon.
             The game lasted 00:07:36 (1949 turns).

Jerry the Twirler (Demigod Gladiator)               Turns: 1949, Time: 00:07:37

Health: 0/41       AC:  8    Str: 25    XL:     5   Next: 49%
Magic:  7/7        EV: 11    Int: 12    God:
Gold:   116        SH:  0    Dex: 16    Spells: 0 memorised, 4 levels left

rFire  + . .     SeeInvis .     a - +0 quarterstaff
rCold  . . .     Gourm    .     s - +0 scale mail
rNeg   . . .     Faith    .     (shield currently unavailable)
rPois  .         Spirit   .     c - +0 helmet
rElec  .         Dismiss  .     (no cloak)
rCorr  .         Reflect  .     (no gloves)
SustAt +         Harm     .     (no boots)
MR     .....                    (no amulet)
Stlth  ..........               (no ring)
                                e - ring of protection from fire

@: mighty, not resistant to hostile enchantments, extremely unstealthy
A: high mp 1, sustain attributes
a: no special abilities


You were on level 4 of the Dungeon.
You were hungry.

You visited 1 branch of the dungeon, and saw 3 of its levels.

You collected 116 gold pieces.

Inventory:

Hand Weapons
 a - a +0 quarterstaff (weapon)
Missiles
 d - 3 throwing nets (quivered)
Armour
 b - a +0 leather armour
 c - a +0 helmet (worn)
 s - a +0 scale mail (worn)
Jewellery
 e - a ring of protection from fire (left hand)
Scrolls
 h - a scroll of random uselessness {unknown}
 j - 4 scrolls of teleportation {unknown}
 k - a scroll of identify {unknown}
 l - a scroll of magic mapping {unknown}
 n - a scroll of remove curse {unknown}
 p - a scroll of enchant weapon {unknown}
 r - a scroll of immolation {unknown}
Potions
 i - a potion of mutation {unknown}
 m - 2 potions of beneficial mutation {unknown}
 o - a potion of heal wounds {unknown}
Comestibles
 f - 4 bread rations


   Skills:
 - Level 1.7 Fighting
 + Level 4.4 Staves
 - Level 1.7 Throwing
 * Level 3.7 Armour
 - Level 2.6 Dodging


You had 4 spell levels left.
You didn't know any spells.

Dungeon Overview and Level Annotations

Branches:
Dungeon (2/15)


Innate Abilities, Weirdness & Mutations

You have an increased reservoir of magic (+10% MP).
Your attributes are resistant to harm.


Message History

The magic dart hits you!
You sock the orc priest!
The orc priest is almost dead.
The orc wizard closely misses you. The orc priest closely misses you.
The orc wizard hits you but does no damage.
The orc priest hits you with a short sword of protection.
* * * LOW HITPOINT WARNING * * *
You barely miss the orc priest.
The orc priest is almost dead.
The orc wizard hits you with a dagger.
* * * LOW HITPOINT WARNING * * *
The orc wizard casts a spell at you. You resist with some effort.
The orc priest miscasts a cantrip.
You barely miss the orc priest.
The orc priest is almost dead.
The orc wizard closely misses you.
The orc priest mumbles some strange prayers to Beogh against you.
Pain shoots through your body!
You die...

...... .#......## .^.#..##
........# #.....#
........# . ######....###
.......#.. ....# #.....#
##.....#..# ....# .....#
#........# ....#
#..#####))......##
....#####..##.##))........
..............).@......#..
.....)..#.#.#.#oo#.....#
)...........#.##(#.##.....
.........##...##........(#
........####..##.........#
###.....# .%............#
....#... ....##......)..#
..#......o#..##........
..####.....##.##........


You could see an orc priest and an orc wizard.

Vanquished Creatures
  Blork the orc (D:4)
  A hound (D:4)
  2 orc wizards (D:4)
  A gnoll (D:1)
  2 oozes
  3 worms (D:2)
  3 giant geckos
  6 orcs (D:4)
  A giant cockroach (D:1)
  5 goblins
  7 hobgoblins
  4 jackals (D:2)
  A ball python (D:2)
  5 bats
  2 giant newts (D:1)
  5 kobolds
  6 rats
  A plant (D:1)
56 creatures vanquished.

Notes
Turn   | Place    | Note
--------------------------------------------------------------
     0 | D:1      | Jerry the Demigod Gladiator began the quest for the Orb.
     0 | D:1      | Reached XP level 1. HP: 17/17 MP: 3/3
   163 | D:1      | Reached skill level 3 in Staves
   229 | D:1      | Reached XP level 2. HP: 24/24 MP: 4/4
   287 | D:1      | Reached skill level 1 in Armour
   803 | D:1      | Reached XP level 3. HP: 29/29 MP: 5/5
  1242 | D:2      | Found a shattered altar of Ashenzari.
  1415 | D:2      | Found a shimmering altar of Xom.
  1662 | D:2      | You fall through a shaft for 2 floors!
  1669 | D:4      | Reached XP level 4. HP: 30/36 MP: 6/6
  1696 | D:4      | Reached skill level 4 in Staves
  1919 | D:4      | Noticed Blork the orc
  1937 | D:4      | Killed Blork the orc
  1937 | D:4      | Reached XP level 5. HP: 16/41 MP: 7/7
  1949 | D:4      | Killed from afar by an orc priest

Skill      XL: |  1  2  3  4 |
---------------+-------------+-----
Staves         | 3 4 |  4.4
Armour         | 1 2 3 |  3.7
Fighting       | |  1.7
Throwing       | |  1.7
Dodging        | |  2.6

Action                   |  1- 3 |  4- 6 || total
-------------------------+-------+-------++-------
Melee: Quarterstaff      |   132 |    44 ||   176
  Use: Potion            |       |     1 ||     1
 Stab: Sleeping          |     4 |       ||     4
  Eat: Chunk             |     3 |       ||     3
Armor: Leather armour    |    22 |       ||    22
       Scale mail        |     6 |    18 ||    24
Dodge: Dodged            |    68 |    27 ||    95
